 Dungeon Crawl Stone Soup version 0.27-a0-512-g57cc695410 (webtiles) character file.

Game seed: 7319717034544037927

2044 dickylongcocking the Carver (level 9, 0/64 HPs)
             Began as a Barachi Warper on Mar 3, 2021.
             Was a Believer of Sif Muna.
             Slain by a killer bee (1 damage)
             ... on level 7 of the Dungeon.
             The game lasted 00:08:39 (9810 turns).

dickylongcocking the Carver (Barachi Warper)        Turns: 9810, Time: 00:08:40

Health: 0/64       AC:  6    Str: 12    XL:     9   Next: 24%
Magic:  7/12       EV: 12    Int: 21    God:    Sif Muna [**....]
Gold:   347        SH:  5    Dex: 12    Spells: 3/12 levels left

rFire    . . .     SeeInvis +   o - +1 falchion (elec)
rCold    . . .     Faith    +   h - +0 buckler
rNeg     . . .     Spirit   .   b - +0 leather armour
rPois    .         Reflect  .   r - +1 helmet
rElec    .         Harm     .   j - +0 cloak
rCorr    .         Rampage  .   (no gloves)
Will     +....                  (no boots)
Stlth    +.........             n - amulet of faith
HPRegen  0.20/turn              i - +6 ring of intelligence
MPRegen  0.13/turn              x - ring of Yziloewn {Wiz SInv}

@: can't hop, slow
A: +LOS, swims, dopey 1, strong-willed 1, sense surroundings 1, slowness 1,
strong legs 1
a: Hop, Renounce Religion, Channel Magic


You were on level 7 of the Dungeon.
You worshipped Sif Muna.
Sif Muna was pleased with you.
You visited 1 branch of the dungeon, and saw 7 of its levels.

You collected 347 gold pieces.

Inventory:

Hand Weapons
 a - a +0 falchion
 o - a +1 falchion of electrocution (weapon)
Missiles
 e - 5 boomerangs of dispersal (quivered)
Armour
 b - a +0 leather armour (worn)
 h - a +0 buckler (worn)
 j - a +0 cloak (worn)
 r - a +1 helmet (worn)
 v - a +3 plate armour
Jewellery
 i - a +6 ring of intelligence (left hand)
 n - an amulet of faith (around neck)
 p - a ring of poison resistance
 s - an amulet of guardian spirit
 x - the ring of Yziloewn (right hand) {Wiz SInv}
   (You found it on level 6 of the Dungeon)

   [ring of wizardry]

   It improves your spell success rate.
   It lets you see invisible.
Wands
 t - a wand of digging (7)
Scrolls
 f - a scroll of enchant weapon {unknown}
 g - 4 scrolls of teleportation
 k - 3 scrolls of magic mapping {unknown}
 l - 7 scrolls of identify
 m - 2 scrolls of amnesia {unknown}
 q - 3 scrolls of immolation {unknown}
 w - a scroll of noise
Potions
 c - a potion of haste


   Skills:
 * Level 3.6 Fighting
 * Level 11.8 Long Blades
 - Level 1.0 Throwing
 - Level 1.2 Armour
 - Level 2.1 Dodging
 - Level 5.9 Shields
 - Level 2.1 Spellcasting
 * Level 4.1 Translocations


You had 3 spell levels left.
You knew the following spells:

 Your Spells              Type           Power        Failure   Level
a - Blink                 Tloc           N/A          1%          2
b - Gell's Gravitas       Tloc           9%           4%          3
c - Manifold Assault      Tloc           19%          13%         4

Your spell library contained the following spells:

 Spells                   Type           Power        Failure   Level
 Lesser Beckoning         Tloc           9%           4%          3
 Teleport Other           Tloc           19%          4%          3


Dungeon Overview and Level Annotations

Branches:
Dungeon (7/15)             Temple (0/1) D:6

Altars:
Cheibriados
Dithmenos
Elyvilon
Kikubaaqudgha
Sif Muna
Trog

Shops:
D:6 *

Annotations:
D:3 2 transporters, pigah's ghost, amateur OpWn


Innate Abilities, Weirdness & Mutations

You can be seen from farther away. (+LOS)
You can swim through water.
You cover ground slowly.
You can hop short distances.
You are dopey. (Int -2)
You are strong-willed. (Will+)
You passively map a small area around you.


Message History

You are no longer poisoned.
Okay, then.
Casting: Manifold Assault (dangerous; 13% risk of failure)
Confirm with . or Enter, or press ? or * to list all spells.
Okay, then.
Casting: Manifold Assault (dangerous; 13% risk of failure)
Confirm with . or Enter, or press ? or * to list all spells.
Aiming: Gell's Gravitas (dangerous; 4% risk of failure)
Press: ? - help, Dir - move target, f - killer bee
Aim: a killer bee Gravity reorients around the killer bee.
Unknown command.
Unknown command.
Casting: Gell's Gravitas (dangerous; 4% risk of failure)
Confirm with . or Enter, or press ? or * to list all spells.
Aiming: Gell's Gravitas (dangerous; 4% risk of failure)
Press: ? - help, Dir - move target, f/p - killer bee
Aim: a killer bee Gravity reorients around the killer bee.
The killer bee stings you.
* * * LOW HITPOINT WARNING * * *
Unknown command.
Unknown command.
Okay, then.
Okay, then.
You miss the killer bee. The killer bee stings you.
* * * LOW HITPOINT WARNING * * *
The killer bee stings you.
* * * LOW HITPOINT WARNING * * *
Unknown command.
Unknown command.
Unknown command.
Unknown command.
Okay, then.
Your legs are too worn out to hop.
The killer bee barely misses you. x2; You riposte.
You miss the killer bee. The killer bee misses you.
Unknown command.
You closely miss the killer bee. The killer bee stings you.
You die...

.......# .......##
........#
........##
##.......##
#.....y..#########
#...####....##...##
#...# ####...#...#
,#...#
#######.@..##
#...####..##
##y...##
#...#......#
#.....#
#..........##
####..#
#...........# ####
*#...........##
#............#
#............##
#.#...........#


You could see a killer bee.

Vanquished Creatures
  Sigmund (D:3)
  An ice beast (D:5)
  An orc warrior (D:6)
  A sky beast (D:5)
  6 ogres
  3 phantoms
  A kobold brigand (D:6)
  A bullfrog (D:7)
  3 killer bees (D:7)
  A hound (D:5)
  Crazy Yiuf (D:4)
  2 iguanas
  2 bullfrog skeletons
  Jessica (D:3)
  2 orc wizards (D:6)
  4 worker ants
  2 hound skeletons
  8 gnolls
  5 adders
  A shadow imp (D:5)
  3 white imps
  An adder skeleton (D:4)
  2 worms (D:2)
  A dart slug (D:1)
  A leopard gecko (D:3)
  13 orcs
  2 ball pythons (D:2)
  5 bats
  5 giant cockroaches
  5 goblins
  5 hobgoblins
  9 jackals
  A quokka (D:3)
  2 frilled lizards
  27 kobolds
  A leopard gecko zombie (D:5)
  7 rats
137 creatures vanquished.

Vanquished Creatures (others)
  7 plants
7 creatures vanquished.

Grand Total: 144 creatures vanquished

Notes
Turn   | Place    | Note
-------+----------+-------------------------------------------
     0 | D:1      | dickylongcocking the Barachi Warper began the quest for the
                  | Orb.
     0 | D:1      | Reached XP level 1. HP: 17/17 MP: 3/3
   240 | D:1      | Reached skill level 3 in Long Blades
   322 | D:1      | Reached XP level 2. HP: 23/23 MP: 5/5
  1025 | D:2      | Reached skill level 1 in Shields
  1030 | D:1      | Reached XP level 3. HP: 10/28 MP: 6/6
  1325 | D:1      | Learned a level 2 spell: Blink
  1329 | D:1      | Learned a level 3 spell: Gell's Gravitas
  1437 | D:2      | Reached skill level 4 in Long Blades
  1827 | D:2      | Found a bloodstained altar of Trog.
  1958 | D:2      | Reached XP level 4. HP: 34/34 MP: 7/7
  3590 | D:2      | Found a shimmering blue altar of Sif Muna.
  3788 | D:3      | Noticed Jessica
  3792 | D:3      | Killed Jessica
  3793 | D:3      | Reached skill level 5 in Long Blades
  3793 | D:3      | Reached XP level 5. HP: 39/39 MP: 8/8
  3937 | D:3      | Found a transporter.
  3937 | D:3      | Noticed pigah's ghost (amateur OpWn)
  3967 | D:3      | Found a transporter.
  4115 | D:3      | Found a faded altar of an unknown god.
  4340 | D:3      | Noticed Sigmund
  4359 | D:3      | Killed Sigmund
  4360 | D:3      | Reached skill level 6 in Long Blades
  4360 | D:3      | Reached XP level 6. HP: 14/46 MP: 9/9
  4986 | D:2      | Became a worshipper of Sif Muna the Loreminder
  5043 | D:4      | Reached skill level 5 in Shields
  5043 | D:4      | Reached XP level 7. HP: 6/51 MP: 10/10
  5061 | D:4      | Reached skill level 7 in Long Blades
  6000 | D:4      | Found a runed translucent door.
  6001 | D:4      | Noticed Crazy Yiuf
  6006 | D:4      | Killed Crazy Yiuf
  6044 | D:5      | Entered Level 5 of the Dungeon
  6329 | D:5      | Found an ancient bone altar of Kikubaaqudgha.
  6358 | D:5      | Reached * piety under Sif Muna
  6359 | D:5      | Reached skill level 8 in Long Blades
  6423 | D:5      | Reached XP level 8. HP: 45/57 MP: 11/11
  6732 | D:5      | Reached skill level 9 in Long Blades
  7694 | D:6      | Reached skill level 10 in Long Blades
  7710 | D:6      | Found a white marble altar of Elyvilon.
  8160 | D:6      | Reached skill level 11 in Long Blades
  8448 | D:6      | Found Vymyduez's Assorted Antiques.
  8457 | D:6      | Reached XP level 9. HP: 57/62 MP: 12/12
  8507 | D:6      | Identified the ring of Yziloewn {Wiz SInv}
  8526 | D:6      | Learned a level 4 spell: Manifold Assault
  8627 | D:6      | Found a shadowy altar of Dithmenos.
  8627 | D:6      | Found a snail-covered altar of Cheibriados.
  8784 | D:6      | Reached ** piety under Sif Muna
  9021 | D:6      | Found a staircase to the Ecumenical Temple.
  9775 | D:7      | Gained mutation: You passively map a small area around you.
                  | [potion of mutation]
  9775 | D:7      | Gained mutation: You are dopey. (Int -2) [potion of
                  | mutation]
  9775 | D:7      | Gained mutation: You are strong-willed. (Will+) [potion of
                  | mutation]
  9806 | D:7      | HP: 3/64 [killer bee (2)]
  9807 | D:7      | HP: 1/64 [killer bee (2)]
  9810 | D:7      | Slain by a killer bee

Illustrated notes

Levels and vault maps discovered:
D:1:      wander_arrival_desolate, layout_loops_corners
D:2:      layout_loops_cross, nicolae_overflow_crystal_walls, led_sif_pool
D:3:      layout_basic, chequers_ecumenical_altar_island,
          gammafunk_ghost_mausoleum, kennysheep_boxes, uniq_jessica,
          uniq_sigmund
D:4:      layout_loops_ring, uniq_crazy_yiuf_cottage
D:5:      layout_basic, lemuel_crystal_altar, serial_glass, glass_columns_b,
          glass_columns_a, glass_columns_a, glass_columns_a, glass_columns_a,
          glass_columns_a, minmay_stone_trees_medium
D:6:      kennysheep_kobold_camp, layout_cave_pools, elyvilon_altar_5,
          gammafunk_temple_overflow_wave, temple_statues, serial_shops,
          kennysheep_little_box, minmay_misc_feat_more_columns,
          minmay_misc_feat_alley
D:7:      minmay_the_grid_square_5x5_3x3
          [minmay_the_grid_square_5x5_sharp_hourglass,
          minmay_the_grid_square_5x5_n_small,
          minmay_the_grid_square_5x5_tri_point, minmay_the_grid_square_5x5_n,
          minmay_the_grid_square_5x5_megaprize_crossed,
          minmay_the_grid_square_5x5_doubleslash,
          minmay_the_grid_square_5x5_shrine2,
          minmay_the_grid_square_5x5_percent,
          minmay_the_grid_square_5x5_inverted_slash], layout_cave_pods,
          nicolae_overflow_quartered_altars, basic_altar,
          minmay_a_box_with_orc_wizards_in_it, uniq_harold

Skill      XL: |  1  2  3  4  5  6  7  8  9 |
---------------+----------------------------+-----
Long Blades    | 3 4 5 6 8 11 | 11.8
Shields        | 1 2 3 4 5 |  5.9
Fighting       | 3 |  3.6
Translocations | 4 |  4.1
Throwing       | |  1.0
Armour         | |  1.2
Dodging        | |  2.1
Spellcasting   | |  2.1

Action                   |  1- 3 |  4- 6 |  7- 9 || total
-------------------------+-------+-------+-------++-------
Melee: Falchion          |    94 |   115 |   283 ||   492
 Cast: Blink             |       |     1 |     1 ||     2
       Gell's Gravitas   |       |       |     2 ||     2
       Manifold Assault  |       |       |     2 ||     2
Invok: Channel Magic     |       |       |     1 ||     1
 Abil: Hop               |       |     1 |     4 ||     5
Evoke: Wand              |       |     2 |     6 ||     8
  Use: Potion            |     1 |     2 |     3 ||     6
       Scroll            |       |       |     6 ||     6
Armor: Leather armour    |    31 |    28 |    56 ||   115
       Skin              |       |       |     4 ||     4
Dodge: Dodged            |    64 |    69 |   134 ||   267
Block: Buckler           |    16 |    28 |    41 ||    85
       Rpst.: Falchion   |    21 |    23 |    32 ||    76

Table legend: (Time is in decaauts)
 A = Elapsed time spent in this place.
 B = Non-inter-level travel time spent in this place.
 C = Inter-level travel time spent in this place.
 D = Time resting spent in this place.
 E = Time spent auto-exploring this place.
 F = Levels seen in this place.
 G = Mean time per level.
                   A        B        C        D        E       F      G
               +--------+--------+--------+--------+--------+-----+--------+
         Total |  10673 |  10224 |    449 |   2936 |   6171 |   7 | 1524.7 |
       Dungeon |  10673 |  10224 |    449 |   2936 |   6171 |   7 | 1524.7 |
               +--------+--------+--------+--------+--------+-----+--------+

Top non-repeatable levels by time:
     D:1: 2507 daAuts
     D:5: 1699 daAuts
     D:6: 1698 daAuts
     D:2: 1575 daAuts
     D:4: 1465 daAuts
     D:3: 1426 daAuts
     D:7: 300 daAuts
